 Dungeon Crawl Stone Soup version 0.28-a0-475-g7dc2aef8ca (webtiles) character file.

Game seed: 5310748387773089080

207 Conn the Firebug (level 5, 0/32 HPs)
             Began as an Octopode Fire Elementalist on Sept 16, 2021.
             Slain by an orc priest (1 damage)
             ... on level 4 of the Dungeon.
             The game lasted 00:06:28 (3699 turns).

Conn the Firebug (Octopode Fire Elementalist)       Turns: 3699, Time: 00:06:29

Health: 0/32       AC:  1    Str:  7    XL:     5   Next: 85%
Magic:  4/9        EV: 13    Int: 18    God:
Gold:   156        SH:  0    Dex: 13    Spells: 2/9 levels left

rFire   . . .      SeeInvis .   b - +0 dagger
rCold   . . .      Faith    .   (no shield)
rNeg    . . .      Spirit   .   (helmet restricted)
rPois   .          Reflect  .   (no amulet)
rElec   .          Harm     .   (no ring)
rCorr   .          Rampage  .   (no ring)
Will    .....                   (no ring)
Stlth   +++.......              (no ring)
HPRegen 0.10/turn               (no ring)
MPRegen 0.11/turn               (no ring)
                                (no ring)
                                (no ring)

@: no status effects
A: almost no armour, amphibious, 8 rings, camouflage 1, gelatinous body 1,
(nimble swimmer 1), tentacles
a: no special abilities


You were on level 4 of the Dungeon.
You visited 1 branch of the dungeon, and saw 4 of its levels.

You collected 156 gold pieces.

Inventory:

Hand Weapons
 b - a +0 dagger (weapon)
Wands
 k - a wand of iceblast (3)
Scrolls
 a - a scroll of holy word {unknown}
 c - 2 scrolls of immolation {unknown}
 d - 2 scrolls of brand weapon {unknown}
 l - a scroll of fog {unknown}
Potions
 e - a potion of ambrosia {unknown}
 f - a potion of lignification {unknown}
 g - a potion of flight {unknown}
 h - a potion of heal wounds {unknown}
 i - a potion of might {unknown}
 j - 2 potions of berserk rage {unknown}
 m - 2 potions of curing {unknown}


   Skills:
 + Level 0.4 Fighting
 + Level 1.0 Short Blades
 + Level 2.4 Dodging
 + Level 4.1 Stealth
 + Level 2.9 Spellcasting
 + Level 2.2 Conjurations
 + Level 4.3 Fire Magic


You had 2 spell levels left.
You knew the following spells:

 Your Spells              Type           Power      Damage    Failure   Level
a - Foxfire               Conj/Fire      56%        2x1d6     4%          1
b - Conjure Flame         Conj/Fire      14%        6-21      13%         3
c - Inner Flame           Hex/Fire       10%        N/A       21%         3

Your spell library contained the following spells:

 Spells                   Type           Power      Damage    Failure   Level
 Scorch                   Fire           36%        2d7       4%          2
 Flame Wave               Conj/Fire      14%        3d5       38%         4


Dungeon Overview and Level Annotations

Branches:
Dungeon (4/15)
 Temple: D:4-7

Altars:
Kikubaaqudgha


Innate Abilities, Weirdness & Mutations

You cannot wear most types of armour.
You are amphibious.
You can wear up to eight rings at the same time.
Your skin changes colour to match your surroundings (Stealth+).
Your rubbery body absorbs attacks. (AC +1, EV +1)
((You are camouflaged near water. (Stealth+)))
You have tentacles for arms and can constrict up to eight enemies at once.


Message History

The foxfire hits the orc priest but does no damage. x2
The orc priest mumbles some strange prayers to Beogh against you.
Pain shoots through your body!
A worm comes into view.
Casting: Foxfire (safe; 4% risk of failure)
Confirm with . or Enter, or press ? or * to list all spells.
You conjure some foxfire!
The foxfire hits the orc priest.
The orc priest is moderately wounded.
The foxfire hits the orc priest but does no damage.
The orc priest is moderately wounded.
The orc priest invokes the aid of Beogh against you.
Pain shoots through your body!
You closely miss the orc priest. You grab the orc priest.
The orc priest is moderately wounded.
You constrict the orc priest, but do no damage.
The foxfire hits the orc priest but does no damage.
The orc priest is moderately wounded.
The foxfire hits the orc priest but does no damage.
The orc priest is moderately wounded.
The orc priest calls down the wrath of Beogh upon you.
Pain shoots through your body!
* * * LOW HITPOINT WARNING * * *
Unknown command.
Unknown command.
Okay, then.
Unknown command.
Unknown command.
Unknown command.
Aiming: Iceblast
Press: ? - help, Shift-Dir - straight line The mass of ice explodes!
The iceblast engulfs something!
The iceblast engulfs the orc priest.
The orc priest is severely wounded.
The iceblast engulfs the ogre!
The ogre is moderately wounded.
You constrict the orc priest, but do no damage.
The kobold hits you with a +0 short sword.
* * * LOW HITPOINT WARNING * * *
The orc priest hits you with a +0 flail.
You die...

.. #.# #.. #.# ### ..
#.# .. .. #.########
####. .## ##.##.....#
.....##..# #..##.K...#.8
......##.# #....@o......
....[[)..# #.$##)O....w.
#.##.....#+#.###........
.......#.....# #######.8
#.###..#...#.# . #
#..#.#.#.# #..#<#.#.#
#....†...# ####.#####


You could see an ogre, a worm, an orc priest and a kobold.

Vanquished Creatures
  2 jellies (D:2)
  An orc wizard (D:4)
  3 adders
  2 worms
  8 orcs
  A ball python (D:2)
  11 endoplasms
  4 giant cockroaches
  6 goblins
  4 hobgoblins
  4 jackals (D:3)
  A quokka (D:3)
  9 bats
  2 frilled lizards
  15 kobolds (D:2)
  7 rats
80 creatures vanquished.

Vanquished Creatures (others)
  157 foxfires
  7 fungi (D:2)
  9 toadstools (D:2)
173 creatures vanquished.

Grand Total: 253 creatures vanquished

Notes
Turn   | Place    | Note
-------+----------+-------------------------------------------
     0 | D:1      | Conn the Octopode Fire Elementalist began the quest for the
                  | Orb.
     0 | D:1      | Reached XP level 1. HP: 11/11 MP: 3/3
   139 | D:1      | Reached XP level 2. HP: 17/17 MP: 1/5
  1230 | D:2      | Reached XP level 3. HP: 17/21 MP: 1/6
  1911 | D:2      | Reached XP level 4. HP: 27/27 MP: 5/7
  2032 | D:2      | Learned a level 3 spell: Conjure Flame
  2036 | D:2      | Learned a level 3 spell: Inner Flame
  2584 | D:2      | Reached XP level 5. HP: 32/32 MP: 5/9
  2806 | D:3      | Found a faded altar of an unknown god.
  3296 | D:3      | Found an ancient bone altar of Kikubaaqudgha.
  3535 | D:4      | Reached skill level 1 in Short Blades
  3693 | D:4      | Noticed an ogre
  3699 | D:4      | HP: 1/32 [kobold (5)]
  3699 | D:4      | Slain by an orc priest

Illustrated notes

Levels and vault maps discovered:
D:1:      dpeg_arrival_brainrot, layout_basic, serial_forest,
          infiniplex_forest_straight_3, infiniplex_forest_clump_medium,
          infiniplex_forest_zigzag_1, infiniplex_forest_lined_room_,
          infiniplex_forest_end_3, infiniplex_forest_lined_3
D:2:      cheibrodos_fertilizer, layout_loops_ring,
          ebering_dispersal_statue_hall, grunt_decor_resistance,
          minmay_tetromino_s4
D:3:      layout_loops_cross, mainiacjoe_overflow_concentric_impassable,
          hellmonk_ecumenical_altar_dog_temple, minmay_misc_feat_room
D:4:      layout_loops_cross, nicolae_overflow_crystal_walls,
          mainiacjoe_overflow_surrounded_room, nzn_hepliaklqana_mist_gate,
          wad_floor_pattern_untrapped, uniq_edmund

Skill      XL: |  1  2  3  4  5 |
---------------+----------------+-----
Stealth        | 3 4 |  4.1
Fire Magic     | 4 |  4.3
Conjurations   | 2 |  2.2
Short Blades   | 1 |  1.0
Fighting       | |  0.4
Dodging        | |  2.4
Spellcasting   | |  2.9

Action                   |  1- 3 |  4- 6 || total
-------------------------+-------+-------++-------
Melee: Constrict         |     9 |     4 ||    13
       Unarmed           |     2 |       ||     2
       Dagger            |    27 |    18 ||    45
       Tentacles         |     3 |     4 ||     7
 Cast: Foxfire           |    41 |    54 ||    95
Evoke: Wand              |       |     1 ||     1
 Stab: Sleeping          |     4 |     4 ||     8
Armor: Skin              |     3 |     1 ||     4
Dodge: Dodged            |    19 |    14 ||    33

Table legend: (Time is in decaauts)
 A = Elapsed time spent in this place.
 B = Non-inter-level travel time spent in this place.
 C = Inter-level travel time spent in this place.
 D = Time resting spent in this place.
 E = Time spent auto-exploring this place.
 F = Levels seen in this place.
 G = Mean time per level.
                   A        B        C        D        E       F      G
               +--------+--------+--------+--------+--------+-----+--------+
         Total |   3698 |   3655 |     43 |    168 |   2802 |   4 |  924.5 |
       Dungeon |   3698 |   3655 |     43 |    168 |   2802 |   4 |  924.5 |
               +--------+--------+--------+--------+--------+-----+--------+

Top non-repeatable levels by time:
     D:2: 1727 daAuts
     D:1: 1062 daAuts
     D:3: 837 daAuts
     D:4: 71 daAuts
